 Dungeon Crawl Stone Soup version 0.29-a0-222-g5b244fca1f (webtiles) character file.

Game seed: 8629836106103585114

2327 wakim the Basher (level 9, -6/69 (78) HPs)
             Began as a Palentonga Berserker on Feb 27, 2022.
             Was a Believer of Trog.
             Mangled by a wight
             ... wielding a +2 great sword of freezing
              (10 damage)
             ... on level 7 of the Dungeon.
             The game lasted 00:15:39 (6700 turns).

wakim the Basher (Palentonga Berserker)             Turns: 6700, Time: 00:15:40

HP:   -6/69 (78)    AC: 18    Str: 22    XL:     9   Next: 19%
MP:   9/9           EV:  4    Int:  7    God:    Trog [**....]
Gold: 338           SH:  0    Dex: 13    Spells: 8/8 levels left

rFire   . . .      SeeInvis +   b - +1 whip (flame)
rCold   . . .      Faith    .   (no shield)
rNeg    . . .      Spirit   .   R - +0 plate armour
rPois   .          Reflect  .   (no helmet)
rElec   .          Harm     .   Q - +1 cloak
rCorr   .          Rampage  .   D - +0 pair of gloves
Will    .....                   (no barding)
Stlth   ..........              (no amulet)
HPRegen 0.21/turn               (no ring)
MPRegen 0.11/turn               (no ring)

@: on berserk cooldown, heavily drained, curled up
A: large, rugged brown scales 3, see invisible, deformed body, roll 1, armoured
tail, reflexive curl
a: Rolling Charge, Renounce Religion, Berserk, Trog's Hand


You were on level 7 of the Dungeon.
You worshipped Trog.
Trog was pleased with you.
You visited 2 branches of the dungeon, and saw 8 of its levels.

You collected 338 gold pieces.

Inventory:

Hand Weapons
 a - a +5 mace
 b - a +1 whip of flaming (weapon)
 c - a +0 shortbow
Missiles
 p - 11 poisoned darts
 K - 2 throwing nets {=f!f}
Armour
 D - a +0 pair of gloves (worn)
 Q - a +1 cloak (worn)
 R - a +0 plate armour (worn)
Jewellery
 l - a ring of fire
Wands
 v - a wand of flame (29)
 z - a wand of polymorph (11)
Scrolls
 L - 2 scrolls of enchant armour
Potions
 B - 2 potions of attraction {!q}
 C - a potion of might {unknown}
 J - a potion of heal wounds
 M - 2 potions of mutation {!q}
 P - a potion of flight {unknown}
 S - a potion of brilliance {unknown}
 T - a potion of curing {unknown}


   Skills:
 + Level 7.7 Fighting
 * Level 10.5 Maces & Flails
 - Level 1.5 Armour
 - Level 1.5 Dodging


You had 8 spell levels left.
You didn't know any spells.
Your spell library was empty.

Dungeon Overview and Level Annotations

Branches:
Dungeon (7/15)             Temple (1/1) D:4

Altars:
Ashenzari
Dithmenos
Fedhas
Hepliaklqana
Kikubaaqudgha
Okawaru
Trog
Uskayaw
Vehumet
The Shining One

Annotations:
D:6 1 runed translucent door, Hasart's ghost, novice DgHu


Innate Abilities, Weirdness & Mutations

You are completely covered in rugged brown scales. (AC +3, +7% HP)
You have supernaturally acute eyesight. (SInv)
Armour fits poorly on your strangely shaped body.
You can roll at nearby foes to attack.
You have a long armoured tail.
You curl defensively after being hit. (AC +7*)


Message History

You hit the wight. You burn the wight. You tail-slap the wight.
The wight is almost destroyed. 29/73 (+1)
You hit the wight but do no damage.
You tail-slap the wight, but do no damage.
The wight is almost destroyed.
The wight hits you with a +2 great sword of freezing.
* * * LOW HITPOINT WARNING * * *
The wight freezes you.
* * * LOW HITPOINT WARNING * * *
24/73 (-5)
You hit the wight but do no damage.
The wight is almost destroyed.
You feel yourself speed up. The wight hits you with a +3 falchion.
* * * LOW HITPOINT WARNING * * *
You feel drained.
The wight hits you with a +2 great sword of freezing.
* * * LOW HITPOINT WARNING * * *
You feel drained.
* * * LOW HITPOINT WARNING * * *
The wight freezes you.
* * * LOW HITPOINT WARNING * * *
15/69 (-9)
You hit the wight but do no damage.
The wight is almost destroyed.
The wight barely misses you.
You hit the wight but do no damage.
The wight is almost destroyed.
The wight hits you with a +2 great sword of freezing!
* * * LOW HITPOINT WARNING * * *
The wight freezes you.
* * * LOW HITPOINT WARNING * * *
4/69 (-11)
You hit the wight but do no damage.
Your tail-slap misses the wight.
The wight is almost destroyed.
Your skin stops crawling.
You feel less strong-willed. The wight hits you but does no damage.
The wight hits you with a +2 great sword of freezing!
You die...

###...#......♣♣♣†♣.♣♣♣
.#....#.........♣♣♣..
.#....#......♣♣♣.♣.♣♣♣
.#....#.....♣# #♣.♣
.#....'.....♣ ♣.♣
##########.♣# #♣.♣# #
###########..♣♣♣...♣♣♣..#
....#...#...............#
....'...#....'.z@......#
#.###..###..##.z...#####
#.###).###..########
.............#
.............#
.............#
.............#
.............#
.###.##.##.###


You could see 2 wights.

Vanquished Creatures
  Grinder (D:5)
  A steam dragon (D:6)
  2 vampire mosquitoes (D:7)
  A water moccasin (D:6)
  2 orc warriors
  A sky beast (D:5)
  An ice beast (D:4)
  2 ogres
  A centaur (D:5)
  A kobold brigand (D:6)
  A bullfrog (D:7)
  3 scorpions
  A wight (D:7)
  3 jellies
  An orc priest (D:4)
  3 hounds
  Crazy Yiuf (D:5)
  A gnoll shaman (D:6)
  4 iguanas
  Ijyb (D:5)
  Terence (D:2)
  An orc wizard (D:6)
  7 gnolls
  11 adders
  A shadow imp (D:7)
  2 dart slugs
  7 orcs
  8 endoplasms
  3 giant cockroaches
  4 goblins
  4 hobgoblins
  3 quokkas
  6 ball pythons
  6 bats
  4 frilled lizards
  11 kobolds
  5 rats
116 creatures vanquished.

Notes
Turn   | Place    | Note
-------+----------+-------------------------------------------
     0 | D:1      | wakim the Palentonga Berserker began the quest for the Orb.
     0 | D:1      | Reached XP level 1. HP: 19/19 MP: 1/1
   354 | D:1      | Reached XP level 2. HP: 24/25 MP: 2/2
  1199 | D:2      | Reached XP level 3. HP: 25/31 MP: 3/3
  1204 | D:2      | Reached ** piety under Trog
  1205 | D:2      | Reached skill level 4 in Maces & Flails
  1823 | D:2      | Noticed Terence
  1843 | D:2      | Killed Terence
  1844 | D:2      | Reached XP level 4. HP: 32/39 MP: 4/4
  1845 | D:2      | !bestwep
  2677 | D:4      | Reached skill level 5 in Maces & Flails
  2677 | D:4      | Reached XP level 5. HP: 35/44 MP: 5/5
  3393 | D:4      | Noticed an orc warrior
  3502 | D:4      | Reached XP level 6. HP: 48/52 MP: 6/6
  3677 | D:4      | Found a staircase to the Ecumenical Temple.
  3680 | D:4      | !bestwep
  3686 | Temple   | Entered the Ecumenical Temple
  3804 | D:5      | Entered Level 5 of the Dungeon
  3811 | D:5      | Reached skill level 6 in Maces & Flails
  3818 | D:5      | Noticed an ice beast
  4116 | D:4      | Killed an orc warrior
  4117 | D:4      | Reached skill level 5 in Fighting
  4117 | D:4      | Gained mutation: You curl defensively after being hit. (AC
                  | +7*) [Palentonga growth]
  4117 | D:4      | Reached XP level 7. HP: 59/59 MP: 7/7
  4185 | D:4      | Reached skill level 7 in Maces & Flails
  4246 | D:5      | Noticed Grinder
  4251 | D:5      | Paralysed by Grinder for 7 turns
  4267 | D:5      | Killed Grinder
  4268 | D:5      | Reached skill level 8 in Maces & Flails
  4332 | D:5      | Reached XP level 8. HP: 65/68 MP: 8/8
  4473 | D:5      | !bestwep
  4605 | D:5      | Noticed Ijyb
  4630 | D:5      | Killed Ijyb
  4898 | D:5      | Found a broken altar of Ashenzari.
  4898 | D:5      | Found a radiant altar of Vehumet.
  4898 | D:5      | Found a shadowy altar of Dithmenos.
  4898 | D:5      | Found a bloodstained altar of Trog.
  4900 | D:5      | Found an iron altar of Okawaru.
  5123 | D:5      | Found a runed translucent door.
  5124 | D:5      | Noticed Crazy Yiuf
  5360 | D:5      | Killed Crazy Yiuf
  5405 | D:6      | Reached skill level 9 in Maces & Flails
  5640 | D:6      | Found a runed translucent door.
  5644 | D:6      | Noticed Hasart's ghost (novice DgHu)
  6471 | D:6      | Reached skill level 10 in Maces & Flails
  6519 | D:7      | Reached XP level 9. HP: 61/77 MP: 9/9
  6680 | D:7      | !bestwep
  6691 | D:7      | HP: 3/73 [wight/+2 great sword of freezing (3)]
  6700 | D:7      | Mangled by a wight

Illustrated notes ................##.#...# .#####.#.##.....##.#...# ................##.#..(# ...................#...# ..####.#.##............# ..# #.#.##.....##.(......# ..# #.#.##.......(....<... ..####.#.##.#.............. .......#.##.#...@......#### ..#..............#....... ..####.#..#.#.#..#.#...### ........................ .:####.#..#................. ..####.#..#.#.#.#..#...#.#.### .............................. ..##.#.#.##.#.####.#........# ............................# Turn 1845 on D:2: !bestwep

...#...## ##.## #.# ##......
....#.## ##.#.## #.# #......#
......# ##.###.# #.# #.###.##
..##### ##.############# #.# #.#
..# #.##...#...#...###.###.# #.#
##.#.>...⌠.#.⌠.#.......# #'## ###
#...#...###.##### ...##
###########.###.## #.# #
....###....#...#@..#...###.# ##
.....##.####.⌠...⌠...⌠.##..# ##.
...<..#.##.#.†.#...#...#...####..
......'....##.###.###.##......'..
......#....#...#...#...#...####..
.....#######.⌠.#.⌠.#.⌠.##.## ##.
....## #...#...#...#### ## ...##
###.########## # #'## #.#.# #.#


Turn 3680 on D:4: !bestwep .......# #...†...... ........# #...<...... ........#
###...##... .......# #...##... #######.....# #...##... #....##.....# #...##...
#....##.....# ######... #....##.....#####...##... #....##)@......##...##...
...#....(.........##...##... )...........................
...#...).†..###...##(..##... . #........# ######...##... #........# #...##...
#....##### .....##... #....# ......##### ....... #......# Turn 4473 on D:5:
!bestwep ###...#......♣♣♣†♣.♣♣♣ .#....#.........♣♣♣.. .#....#......♣♣♣.♣.♣♣♣
.#....#.....♣# #♣.♣ .#....'.....♣ ♣.♣ ##########.♣# #♣.♣# #
###########..♣♣♣...♣♣♣..# ....#...#...............# ....'...#....'..@......#
#.###..###..##.....##### #.###).###..######## .............# .............#
.............# .............# .............# .###.##.##.### Turn 6680 on D:7:
!bestwep

Levels and vault maps discovered:
D:1:      erik_arrival_triangle_small, layout_loops_ring,
          minmay_misc_feat_nine_boxes, minmay_tree_intersection
D:2:      layout_basic, hex_intersection, grunt_ministairs_6,
          chequers_serial_rivers_micro_d, uniq_terence
D:3:      layout_rooms, nicolae_figureground_sparkle
D:4:      layout_loops_corners, minmay_temple_entry_nine_rooms
D:5:      layout_basic, minitemple, uniq_grinder, uniq_ijyb,
          uniq_crazy_yiuf_cottage
D:6:      layout_loops_ring, ebering_ghost_sewer_d
D:7:      layout_gridville, enter_bailey_2, minmay_stone_trees_medium,
          due_unseen_surprise
Temple:   compressed_dpeg_circular_temple

Skill      XL: |  1  2  3  4  5  6  7  8 |
---------------+-------------------------+-----
Maces & Flails | 4 5 6 8 10 | 10.5
Fighting       | 4 5 6 7 |  7.7
Armour         | |  1.5
Dodging        | |  1.5

Action                   |  1- 3 |  4- 6 |  7- 9 || total
-------------------------+-------+-------+-------++-------
Melee: Mace              |   104 |    96 |    43 ||   243
       Tailslap          |     7 |    10 |    31 ||    48
       Punch             |     1 |     1 |     4 ||     6
       Unarmed           |       |       |    26 ||    26
       Whip              |       |       |   155 ||   155
 Fire: Hunting sling     |     1 |       |       ||     1
Throw: Dart              |     4 |       |       ||     4
Invok: Berserk           |       |     2 |     6 ||     8
       Trog's Hand       |       |     1 |     8 ||     9
 Abil: Rolling Charge    |    28 |    22 |    18 ||    68
  Use: Scroll            |       |     8 |     4 ||    12
       Potion            |       |       |     2 ||     2
Armor: Robe              |    32 |    44 |    22 ||    98
       Ring mail         |     2 |       |       ||     2
       Skin              |       |       |     7 ||     7
       Plate armour      |       |       |    47 ||    47
Dodge: Dodged            |    36 |    38 |    70 ||   144

Table legend: (Time is in decaauts)
 A = Elapsed time spent in this place.
 B = Non-inter-level travel time spent in this place.
 C = Inter-level travel time spent in this place.
 D = Time resting spent in this place.
 E = Time spent auto-exploring this place.
 F = Levels seen in this place.
 G = Mean time per level.
                   A        B        C        D        E       F      G
               +--------+--------+--------+--------+--------+-----+--------+
         Total |   6759 |   6483 |    276 |    468 |   4698 |   8 |  844.9 |
       Dungeon |   6738 |   6462 |    276 |    468 |   4698 |   7 |  962.6 |
        Temple |     21 |     21 |      0 |      0 |      0 |   1 |   21.0 |
               +--------+--------+--------+--------+--------+-----+--------+

Top non-repeatable levels by time:
     D:4: 1535 daAuts
     D:5: 1353 daAuts
     D:2: 1159 daAuts
     D:1: 1069 daAuts
     D:6: 931 daAuts
     D:3: 491 daAuts
     D:7: 197 daAuts
  Temple: 21 daAuts
